 Dungeon Crawl Stone Soup version 0.17.0-28-g6e173f8 (webtiles) character file.

17473 R18 the Thaumaturge (level 12, -18/51 HPs)
             Began as a Spriggan Venom Mage on Nov 29, 2015.
             Was a High Priest of Dithmenos.
             Demolished by a wolf spider (21 damage)
             ... on level 5 of the Lair of Beasts.
             The game lasted 00:55:46 (16576 turns).

R18 the Thaumaturge (Spriggan Venom Mage)          Turns: 16576, Time: 00:55:46

Health: -18/51     AC:  7    Str:  6    XL:     12   Next: 19%
Magic:  33/40      EV:  9    Int: 18    God:    Dithmenos [*****.]
Gold:   644        SH:  0    Dex: 18    Spells: 8 memorised, 17 levels left

rFire  . . .     SeeInvis +     a - +8 war axe "Kexav" {chop, *Contam +Rage rPois}
rCold  . . .     Clarity  .     x - +2 robe
rNeg   . . .     SustAt   .     (shield currently unavailable)
rPois  +         Gourm    .     (helmet restricted)
rElec  .         Spirit   .     z - +0 cloak
rCorr  +         Warding  .     (gloves unavailable)
rMut   .         Stasis   .     (boots unavailable)
MR     +++..                    d - amulet of resist corrosion
Stlth  ++++++....               (no ring)
                                K - ring of magical power

@: held, wreathed by umbra, very quick, extremely resistant to hostile
enchantments, very stealthy
A: unfitting armour, yellow scales 1, camouflage 1, see invisible, herbivore 3,
speed 3, magic resistance 1, slow metabolism 2, wild magic 1, MP-powered wands
a: Shadow Step, Shadow Form, Renounce Religion, Evoke Berserk Rage


You were on level 5 of the Lair of Beasts.
You worshipped Dithmenos.
Dithmenos was extremely pleased with you.
You were not hungry.

You visited 3 branches of the dungeon, and saw 15 of its levels.

You collected 812 gold pieces.
You spent 168 gold pieces at shops.

Inventory:

Hand Weapons
 a - the +8 war axe "Kexav" (weapon) {chop, *Contam +Rage rPois}
   (You took it off an orc on level 9 of the Dungeon)

   It inflicts extra damage upon your enemies.
   It protects you from poison.
   It lets you go berserk.
   It causes magical contamination when unequipped.
 b - a +0 hunting sling
Missiles
 f - 3 needles of slowing
 j - 3 throwing nets
 q - 15 sling bullets
 t - 27 poisoned needles
Armour
 x - a +2 robe (worn)
 z - a +0 cloak (worn)
 F - a +0 cloak
 L - a +1 buckler of resistance
Magical Staves
 y - an uncursed staff of summoning
Jewellery
 d - an amulet of resist corrosion (around neck)
 r - an uncursed amulet of faith
 D - an uncursed amulet of guardian spirit
 K - a ring of magical power (left hand)
 P - a +1 ring of evasion
Wands
 n - a wand of draining (6)
 o - a wand of frost (25)
 I - a wand of slowing (26)
 J - a wand of slowing (8)
 N - a wand of slowing (26)
Scrolls
 e - 3 scrolls of magic mapping
 h - 3 scrolls of enchant armour
 i - 4 scrolls of remove curse
 m - 5 scrolls of teleportation
 w - 3 scrolls of fear
Potions
 k - 2 potions of invisibility
 l - a potion of lignification
 s - a potion of haste
 v - a potion of flight
 C - a potion of cure mutation
 E - 2 potions of poison
 H - a potion of resistance {unknown}
 M - 2 potions of brilliance
Books
 p - a Young Poisoner's Handbook

   Spells                             Type                      Level
   a - Sting                          Conjuration/Poison           1
   b - Cure Poison                    Poison                       2
   c - Mephitic Cloud                 Conjuration/Poison/Air       3
   d - Olgreb's Toxic Radiance        Poison                       4
   e - Venom Bolt                     Conjuration/Poison           5
 A - a book of Conjurations

   Spells                             Type                      Level
   a - Magic Dart                     Conjuration                  1
   b - Searing Ray                    Conjuration                  2
   c - Dazzling Spray                 Conjuration/Hexes            3
   d - Fulminant Prism                Conjuration/Hexes            4
   e - Iskenderun's Mystic Blast      Conjuration                  4
   f - Iskenderun's Battlesphere      Conjuration/Charms           5
 B - a book of the Tempests

   Spells                             Type                      Level
   a - Static Discharge               Conjuration/Air              3
   b - Lightning Bolt                 Conjuration/Air              5
   c - Fireball                       Conjuration/Fire             5
   d - Tornado                        Air                          9
   e - Shatter                        Earth                        9
Comestibles
 c - 6 bread rations
 g - 9 slices of pizza
 u - 10 fruits
 G - 15 royal jellies


   Skills:
 - Level 1.0 Slings
 - Level 3.0 Dodging
 - Level 3.0 Stealth
 + Level 14.2 Spellcasting
 * Level 10.4 Conjurations
 + Level 9.6 Poison Magic


You had 17 spell levels left.
You knew the following spells:

 Your Spells              Type           Power        Failure   Level  Hunger
a - Sting                 Conj/Pois      ####         1%          1    None
b - Magic Dart            Conj           ####         1%          1    None
c - Mephitic Cloud        Conj/Pois/Air  ######..     3%          3    None
d - Olgreb's Toxic Radia  Pois           ######..     3%          4    None
e - Cure Poison           Pois           ######....   1%          2    None
f - Iskenderun's Mystic   Conj           ######..     3%          4    None
g - Searing Ray           Conj           ######       1%          2    None
h - Venom Bolt            Conj/Pois      ######....   7%          5    ####...


Dungeon Overview and Level Annotations

Branches:
Dungeon (9/15)             Temple (1/1) D:4            Lair (5/8) D:8
 Spider (0/4) Lair:5
  Swamp: Lair:3-6    Shoals: Lair:3-6       Orc: D:9-12

Altars:
Ashenzari
Cheibriados
Dithmenos
Elyvilon
Fedhas
Gozag
Kikubaaqudgha
Nemelex Xobeh
Okawaru
Qazlal
Ru
Sif Muna
Trog
Vehumet
Yredelemnul
Zin
The Shining One

Shops:
D:5 *

Annotations:
D:3 R18's ghost, amateur DsGl
Lair:4 exclusion: oklob plant


Innate Abilities, Weirdness & Mutations

You are tiny and cannot use many weapons and most armour.
You have supernaturally acute eyesight.
You are a herbivore.
You cover ground extremely quickly.
You need consume almost no food.
You are partially covered in yellow scales (AC +2).
Your skin changes colour to match your surroundings (Stealth).
You are resistant to hostile enchantments.
Your spells are a little harder to cast, but a little more powerful.
You expend magic power (3 MP) to strengthen your wands.


Message History

You feel better.
The jumping spider leaps!
The wolf spider barely misses you.
The wolf spider bites you but does no damage.
The jumping spider leaps!
Unknown command.
Evoke which item? (* to show all) (? for menu, Esc to quit)
Zapping:
n - a wand of draining (will waste charges)
Press: ? - help, Shift-Dir - straight line, f - wolf spider
Aim: a wolf spider (severely wounded, poisoned, fleeing, umbra)
The bolt of negative energy misses the wolf spider.
The bolt of negative energy hits the wolf spider.
The wolf spider is drained!
You kill the wolf spider!
Dithmenos accepts your kill.
Evoking this partially-identified wand wasted a few charges.
The wolf spider hits you!
* * * LOW HITPOINT WARNING * * *
The wolf spider bites you!
* * * LOW HITPOINT WARNING * * *
The wolf spider hits you!!
You die...

.>..# ...^.# #..s^.
######.^^^##
###.#.##.....###### #
..P...####.ss##...#.#...
.........##^..##@.......
..........##..§s§.......
.#.........#.....#.#..P#
...............%#### ###
##...............# ####
#<..............##...#
#........§.s....#...###
................(.....≈.
......#P.........≈.>..≈.


You could see a wolf spider and a spider (fleeing).

Vanquished Creatures
  A hydra (Lair:2)
  4 death yaks
  Pikel (D:8)
  A wolf spider (Lair:5)
  2 black mambas
  A torpor snail (Lair:5)
  5 spiny frogs
  2 komodo dragons (Lair:2)
  A queen bee (Lair:2)
  3 hippogriffs
  12 yaks
  A hungry ghost (D:6)
  2 hogs (D:9)
  A human (D:9)
  Grum (D:8)
  3 wolves (D:8)
  8 water moccasins
  4 porcupines
  4 orc warriors
  A slave (D:8)
  2 black bears
  A phantom (D:7)
  2 necrophages
  An eye of draining (D:8)
  3 ice beasts
  3 sky beasts
  An ogre (D:8)
  2 centaurs
  Blork the orc (D:4)
  7 crocodiles
  11 giant frogs
  32 killer bees
  2 scorpions
  4 crimson imps
  5 jellies
  5 hounds
  A giant frog skeleton (D:8)
  Ijyb (D:1)
  6 orc priests
  6 worker ants
  6 orc wizards
  6 iguanas
  2 sheep (D:9)
  A worker ant zombie (D:6)
  11 adders
  8 gnolls
  31 river rats
  An ooze (D:2)
  2 adder skeletons (D:8)
  An adder zombie (D:6)
  2 worms
  A giant gecko (D:4)
  40 orcs
  9 bats
  6 giant cockroaches
  6 hobgoblins
  19 jackals
  5 quokkas
  3 ball pythons
  A giant gecko skeleton (D:8)
  7 giant newts
  9 goblins
  A jackal skeleton (D:4)
  6 kobolds
  2 quokka skeletons
  A quokka zombie (D:8)
  7 rats
348 creatures vanquished.

Vanquished Creatures (others)
  3 slaves (D:8)
  A killer bee (Lair:2)
4 creatures vanquished.

Grand Total: 352 creatures vanquished

Notes
Turn   | Place    | Note
--------------------------------------------------------------
     0 | D:1      | R18 the Spriggan Venom Mage began the quest for the Orb.
     0 | D:1      | Reached XP level 1. HP: 9/9 MP: 5/5
   315 | D:1      | Reached XP level 2. HP: 13/13 MP: 4/7
   351 | D:1      | Learned a level 2 spell: Cure Poison
   942 | D:1      | Reached XP level 3. HP: 16/16 MP: 5/9
  1150 | D:2      | Noticed Ijyb
  1163 | D:1      | Killed Ijyb
  1277 | D:1      | Reached XP level 4. HP: 18/21 MP: 6/11
  1470 | D:2      | Reached skill level 5 in Poison Magic
  1828 | D:2      | Reached XP level 5. HP: 4/24 MP: 0/13
  2461 | D:2      | Learned a level 3 spell: Mephitic Cloud
  2466 | D:2      | Learned a level 4 spell: Olgreb's Toxic Radiance
  2507 | D:2      | Reached skill level 5 in Spellcasting
  2750 | D:3      | Noticed R18's ghost (amateur DsGl)
  3056 | D:4      | Reached skill level 1 in Slings
  3119 | D:4      | Found a staircase to the Ecumenical Temple.
  3155 | Temple   | Entered the Ecumenical Temple
  3332 | D:4      | Noticed Blork the orc
  3346 | D:4      | Killed Blork the orc
  3346 | D:4      | Reached XP level 6. HP: 22/28 MP: 5/15
  3425 | D:4      | Found a snail-covered altar of Cheibriados.
  3571 | D:4      | Found a blossoming altar of Fedhas.
  3574 | D:4      | Found an iron altar of Okawaru.
  3575 | D:4      | Found a shattered altar of Ashenzari.
  3629 | D:4      | Reached skill level 6 in Spellcasting
  3935 | D:5      | Entered Level 5 of the Dungeon
  3938 | D:5      | Reached skill level 1 in Conjurations
  4164 | D:5      | Reached XP level 7. HP: 32/32 MP: 18/18
  4388 | D:5      | Found a shadowy altar of Dithmenos.
  4397 | D:5      | Became a worshipper of Dithmenos the Shadowed
  4505 | D:5      | Reached skill level 7 in Spellcasting
  4626 | D:5      | Found Noazommo's General Store.
  4640 | D:5      | Bought a scroll of enchant armour for 105 gold pieces
  4640 | D:5      | Bought a +0 cloak for 63 gold pieces
  4681 | D:5      | Found a bloodstained altar of Trog.
  5701 | D:6      | Reached * piety under Dithmenos
  5791 | D:6      | Reached skill level 8 in Spellcasting
  5875 | D:6      | Reached XP level 8. HP: 36/36 MP: 16/21
  5954 | D:6      | Learned a level 1 spell: Magic Dart
  6297 | D:6      | Found a stormy altar of Qazlal.
  7071 | D:7      | Reached skill level 9 in Spellcasting
  7133 | D:7      | Found an opulent altar of Gozag.
  7171 | D:7      | Found a deep blue altar of Sif Muna.
  7171 | D:7      | Found a radiant altar of Vehumet.
  7524 | D:7      | Reached skill level 10 in Spellcasting
  7586 | D:7      | Reached XP level 9. HP: 26/39 MP: 2/24
  7911 | D:7      | Reached ** piety under Dithmenos
  8024 | D:7      | Found a glowing golden altar of the Shining One.
  8450 | D:8      | Noticed Grum
  8465 | D:8      | Killed Grum
  8727 | D:8      | Gained mutation: You expend magic power (3 MP) to strengthen your wands. [potion of mutation]
  8727 | D:8      | Gained mutation: You are resistant to hostile enchantments. [potion of mutation]
  8728 | D:8      | Gained mutation: Your spells are a little harder to cast, but a little more powerful. [potion of mutation]
  8728 | D:8      | Gained mutation: You are partially covered in yellow scales (AC +2). [potion of mutation]
  8728 | D:8      | Gained mutation: Your skin changes colour to match your surroundings (Stealth). [potion of mutation]
  8911 | D:8      | Reached skill level 11 in Spellcasting
  8911 | D:8      | Reached skill level 5 in Conjurations
  9073 | D:8      | Found a staircase to the Lair.
  9105 | D:8      | Noticed Pikel
  9155 | D:8      | Killed Pikel
  9441 | D:8      | Reached XP level 10. HP: 42/44 MP: 23/26
 10163 | D:9      | Got a brightly glowing war axe {chop}
 10165 | D:9      | Identified the +8 war axe "Kexav" {chop, *Contam +Rage rPois} (You took it off an orc on level 9 of the Dungeon)
 10424 | D:9      | Found a white marble altar of Elyvilon.
 10429 | D:9      | Reached *** piety under Dithmenos
 10600 | D:9      | Found a sparkling altar of Nemelex Xobeh.
 11427 | Lair:1   | Entered Level 1 of the Lair of Beasts
 11445 | Lair:1   | Learned a level 4 spell: Iskenderun's Mystic Blast
 11448 | Lair:1   | Learned a level 2 spell: Searing Ray
 11533 | Lair:1   | Reached skill level 12 in Spellcasting
 11719 | Lair:1   | Noticed a black mamba
 11796 | Lair:1   | Killed a black mamba
 12811 | Lair:2   | Reached XP level 11. HP: 39/47 MP: 5/28
 12831 | Lair:2   | Noticed a seven-headed hydra
 13116 | Lair:2   | Killed a seven-headed hydra
 13210 | Lair:2   | Found a white marble altar of Elyvilon.
 13241 | Lair:2   | Reached **** piety under Dithmenos
 13322 | Lair:2   | Reached skill level 13 in Spellcasting
 14005 | Lair:3   | Identified a scroll of acquirement
 14771 | Lair:3   | Reached ***** piety under Dithmenos
 15372 | Lair:4   | Noticed a death yak
 15374 | Lair:4   | Noticed a death yak
 15375 | Lair:4   | Noticed a death yak
 15433 | Lair:4   | Killed a death yak
 15474 | Lair:4   | Killed a death yak
 15474 | Lair:4   | Reached skill level 10 in Conjurations
 15561 | Lair:4   | Killed a death yak
 15864 | Lair:4   | Reached XP level 12. HP: 47/51 MP: 30/30
 15921 | Lair:4   | Reached skill level 14 in Spellcasting
 16283 | Lair:4   | Learned a level 5 spell: Venom Bolt
 16565 | Lair:5   | Found a hole to the Spider Nest.
 16576 | Lair:5   | Demolished by a wolf spider

Action                   |  1- 3 |  4- 6 |  7- 9 | 10-12 || total
-------------------------+-------+-------+-------+-------++-------
Melee: Unarmed           |     1 |       |       |       ||     1
       Dagger            |     9 |    26 |     1 |       ||    36
       War axe           |       |       |       |    43 ||    43
 Fire: Hunting sling     |       |    27 |   106 |       ||   133
 Cast: Sting             |    53 |   136 |   281 |   169 ||   639
       Mephitic Cloud    |       |     1 |    10 |     6 ||    17
       Olgreb's Toxic Ra |       |     4 |     4 |    15 ||    23
       Cure Poison       |       |     4 |     3 |    15 ||    22
       Magic Dart        |       |       |    52 |   116 ||   168
       Iskenderun's Myst |       |       |       |     9 ||     9
       Searing Ray       |       |       |       |    61 ||    61
       Venom Bolt        |       |       |       |     2 ||     2
Evoke: Wand              |       |       |       |     2 ||     2
  Use: Scroll            |     1 |     7 |     8 |    12 ||    28
       Potion            |       |       |     2 |     2 ||     4
 Stab: Sleeping          |     2 |     3 |     1 |     1 ||     7
  Eat: Bread ration      |       |     1 |       |     1 ||     2
       Pizza             |       |       |       |     1 ||     1
